Map: [ESL] Tropical Sacrifice

Players

NightPhoenix

  • Race: Protoss Protoss
  • Spawn Location: 7:00

Clem - Winner!

  • Race: Terran Terran
  • Spawn Location: 1:00

Event: DreamHack SC2 Masters 2022 Atlanta (Online)

VOD

Have the link to the VOD?

Description

Time

  • Played on: Oct. 8, 2022, 11:49 a.m.
  • Length: 7:48

All games in this series

Show
View Real Time Build Order
Export as new Build Order

NightPhoenix Protoss 

Build Orders: 1 Gate Expand, Phoenix Opening, Colossus Rush 

Get SALT Encoding   

  12  0:00  Probe  
  13  0:12  Probe  
  14  0:17  Pylon  
  14  0:24  Probe (Chrono Boost)  
  16  0:37  Probe (Chrono Boost), Gateway  
  16  0:43  Probe (Chrono Boost)  
  16  0:47  Assimilator  
  17  0:51  Probe  
  18  1:03  Probe  
  19  1:15  Probe  
  20  1:25  Nexus  
  20  1:35  Cybernetics Core  
  20  1:39  Probe  
  21  1:45  Assimilator  
  21  1:51  Probe  
  22  1:55  Pylon  
  22  2:03  Probe  
  23  2:10  Adept (Chrono Boost)  
  25  2:15  Probe  
  25  2:18  Stargate  
  26  2:24  Warp Gate  
  26  2:27  Probe  
  27  2:33  Adept (Chrono Boost)  
  26  2:43  Probe  
  27  2:44  Probe  
  28  2:55  Probe  
  28  2:56  Adept  
  31  3:04  Probe  
  32  3:08  Phoenix  
  32  3:12  Probe  
  35  3:16  Probe  
  36  3:24  Probe  
  37  3:28  Probe  
  37  3:36  Probe (Chrono Boost)  
  37  3:39  Phoenix  
  37  3:40  Probe (Chrono Boost)  
  41  3:45  Pylon  
  42  3:48  Probe (Chrono Boost)  
  42  3:53  Probe (Chrono Boost)  
  42  3:54  Robotics Facility  
  43  3:58  Gateway  
  43  3:59  Probe (Chrono Boost)  
  44  4:04  Probe  
  44  4:08  Phoenix  
  47  4:13  Adept  
  47  4:16  Pylon  
  49  4:20  Probe  
  49  4:21  Probe  
  51  4:25  Assimilator  
  51  4:32  Probe  
  51  4:33  Probe  
  51  4:34  Phoenix  
  55  4:42  Observer  
  55  4:44  Probe  
  55  4:45  Probe  
  58  4:54  Pylon  
  58  4:56  Probe  
  58  4:57  Robotics Bay, Probe  
  58  4:59  Gateway  
  60  5:10  Stalker  
  62  5:15  Stalker  
  64  5:22  Immortal  
  64  5:26  Pylon  
  68  5:35  Nexus  
  68  5:38  Shield Battery  
  68  5:39  Stalker  
  70  5:44  Stalker  
  70  5:48  Probe x2  
  74  5:58  Colossus (Chrono Boost)  
  77  6:04  Probe x2  
  77  6:09  Assimilator  
  78  6:11  Pylon  
  78  6:29  Phoenix, Observer, Probe x2, Pylon  
  82  6:40  Forge  
  82  6:42  Twilight Council, Probe x2  
  82  6:44  Pylon  
  84  6:48  Probe  
  84  6:54  Shield Battery, Probe x2  
  87  6:55  Colossus (Chrono Boost)  
  93  7:02  Probe  
  93  7:06  Probe  
  93  7:07  Stalker x2  
  99  7:15  Stalker  
  98  7:32  Stalker x2  
Show
View Real Time Build Order
Export as new Build Order

Clem Terran - Winner!

Build Orders: Reaper Expand 

Get SALT Encoding   

  12  0:00  SCV  
  13  0:12  SCV  
  14  0:17  Supply Depot  
  14  0:24  SCV  
  15  0:39  SCV  
  15  0:40  Barracks  
  16  0:44  Refinery  
  16  0:51  SCV  
  17  1:03  SCV  
  18  1:15  SCV  
  19  1:27  Reaper, Orbital Command  
  20  1:45  Command Center  
  20  1:54  SCV  
  21  1:59  Supply Depot  
  21  2:00  Marine  
  22  2:06  SCV  
  23  2:14  Factory  
  23  2:20  SCV  
  23  2:21  Barracks Reactor  
  24  2:28  Bunker  
  24  2:33  SCV  
  25  2:44  Refinery  
  25  2:45  SCV  
  26  2:57  SCV, Orbital Command  
  27  2:59  Starport  
  27  3:00  Marine  
  27  3:01  Marine  
  29  3:06  Hellion  
  29  3:09  SCV  
  32  3:17  Marine  
  32  3:19  Marine  
  34  3:21  SCV  
  34  3:25  SCV  
  35  3:29  Factory Tech Lab  
  35  3:33  SCV  
  35  3:35  Marine  
  35  3:37  SCV, Marine  
  39  3:42  Medivac  
  39  3:45  SCV  
  39  3:46  Supply Depot  
  40  3:49  Cyclone  
  40  3:50  SCV  
  40  3:53  Marine  
  45  3:57  SCV  
  46  4:03  Barracks  
  46  4:08  SCV, Marine  
  46  4:09  SCV  
  49  4:11  Supply Depot  
  49  4:17  Viking  
  49  4:20  SCV  
  49  4:21  SCV  
  53  4:25  Marine  
  53  4:27  Marine  
  53  4:32  Cyclone, SCV  
  53  4:33  Supply Depot  
  53  4:34  SCV  
  58  4:41  Barracks  
  58  4:44  SCV  
  59  4:47  Engineering Bay, Marine x2  
  59  4:49  SCV  
  59  4:52  Barracks Tech Lab  
  62  4:56  SCV  
  63  5:01  SCV  
  63  5:02  Supply Depot  
  63  5:03  Refinery  
  62  5:08  SCV  
  62  5:11  Stimpack, Marine  
  62  5:12  Marine x2  
  62  5:13  SCV  
  62  5:14  Terran Infantry Weapons Level 1  
  66  5:19  Refinery  
  66  5:21  Supply Depot, SCV  
  67  5:22  Factory Tech Lab, Starport Reactor  
  67  5:25  SCV  
  68  5:34  Command Center  
  68  5:35  SCV  
  69  5:37  SCV  
  69  5:40  Combat Shield  
  69  5:43  Marauder  
  69  5:46  Marauder  
  69  5:49  Marine x2  
  75  5:52  Supply Depot  
  75  5:54  SCV x2  
  77  6:03  Medivac  
  79  6:04  Medivac, Marauder  
  79  6:06  SCV  
  79  6:10  Supply Depot  
  86  6:11  Marauder  
  86  6:14  Marine x2  
  86  6:18  Supply Depot, SCV  
  89  6:19  SCV  
  89  6:23  Supply Depot  
  90  6:26  Siege Tank  
  90  6:32  Marine x2  
  95  6:33  Marauder  
  95  6:36  Marauder  
  99  6:45  Medivac x2  
  99  6:46  Supply Depot  
  102  6:48  SCV x2  
  102  6:51  Marine x2  
  106  6:56  Barracks  
  106  6:58  Barracks  
  106  7:05  Orbital Command  
  106  7:07  SCV  
  106  7:08  SCV  
  108  7:13  Marauder  
  108  7:14  Marauder  
  112  7:17  Marine x2  
  112  7:21  SCV  
  117  7:35  SCV  
  117  7:36  SCV  
Tags
 
Add a new tag
Caveats
  • Supply blocks, unpowered buildings, or Contaminate may cause inaccurate times.
  • Supply counts are checked every 10 seconds.